Map: Whispers of Gold

Players

Nzs

  • Race: Protoss Protoss
  • League: Grandmaster
  • Spawn Location: 5:00

Barlog - Winner!

  • Race: Terran Terran
  • League: Master
  • Spawn Location: 9:00

VOD

Have the link to the VOD?

Description

Time

  • Played on: March 29, 2025, 3:23 a.m.
  • Length: 25:52
Show
View Real Time Build Order
Export as new Build Order

Nzs Protoss 

Build Orders: 1 Gate Expand, Chargelot Immortal, Colossus Rush 

Get SALT Encoding   

  12  0:00  Probe  
  13  0:12  Probe  
  14  0:18  Pylon  
  14  0:24  Probe  
  15  0:35  Probe  
  15  0:39  Gateway  
  16  0:43  Probe  
  16  0:48  Assimilator  
  17  0:51  Probe  
  18  1:03  Probe  
  19  1:15  Probe  
  20  1:30  Nexus  
  20  1:38  Cybernetics Core  
  20  1:46  Pylon  
  20  1:52  Assimilator, Probe  
  21  2:00  Probe  
  21  2:05  Adept  
  21  2:08  Probe  
  25  2:15  Warp Gate  
  25  2:19  Probe  
  26  2:26  Robotics Facility  
  26  2:31  Probe  
  27  2:39  Pylon  
  27  2:42  Probe  
  27  2:43  Adept  
  29  2:50  Probe  
  29  2:51  Probe  
  32  3:01  Probe  
  32  3:02  Probe  
  34  3:09  Observer  
  34  3:13  Probe  
  34  3:14  Robotics Bay  
  34  3:17  Probe  
  39  3:28  Probe  
  39  3:29  Gateway  
  39  3:33  Warp Prism  
  40  3:36  Probe  
  40  3:40  Probe  
  42  3:48  Probe  
  43  3:52  Probe  
  43  3:53  Pylon  
  43  3:55  Assimilator  
  44  4:00  Probe  
  45  4:05  Gateway  
  45  4:06  Shield Battery  
  45  4:07  Colossus, Adept  
  45  4:08  Probe  
  48  4:24  Probe  
  55  4:26  Gravitic Drive, Probe  
  56  4:36  Probe  
  57  4:38  Probe  
  57  4:39  Adept  
  57  4:40  Adept  
  62  4:51  Pylon  
  62  4:55  Assimilator  
  62  5:05  Colossus  
  62  5:09  Probe x2, Pylon  
  70  5:16  Nexus  
  70  5:27  Probe x2  
  72  5:39  Probe x2  
  72  5:51  Probe x2  
  68  5:58  Colossus  
  68  6:01  Zealot x2  
  78  6:17  Gateway  
  78  6:19  Gateway  
  78  6:21  Extended Thermal Lance, Gateway  
  78  6:24  Pylon  
  78  6:26  Probe x2  
  78  6:28  Pylon  
  78  6:29  Pylon, Probe  
  77  6:38  Probe  
  78  6:41  Probe  
  78  6:42  Twilight Council  
  78  6:43  Shield Battery, Pylon, Forge  
  78  6:44  Probe  
  80  6:50  Forge  
  80  6:51  Probe  
  80  6:52  Forge  
  81  6:58  Immortal  
  81  6:59  Sentry  
  81  7:00  Sentry, Zealot  
  87  7:02  Probe  
  87  7:03  Probe  
  93  7:11  Gateway  
  93  7:14  Gateway  
  93  7:15  Protoss Ground Armor Level 1  
  93  7:17  Zealot x3  
  99  7:23  Protoss Ground Weapons Level 1  
  99  7:27  Stalker x2  
  102  7:32  Sentry, Charge  
  104  7:38  Probe  
  104  7:42  Immortal  
  110  7:44  Probe  
  110  7:46  Pylon  
  110  7:50  Probe  
  111  7:51  Photon Cannon  
  111  7:59  Probe  
  112  8:14  Zealot x4  
  112  8:15  Zealot x4  
  112  8:19  Nexus  
  128  8:24  Templar Archives  
  128  8:25  Assimilator  
  128  8:29  Assimilator  
  128  8:34  Dark Shrine  
  128  8:39  Robotics Facility  
  128  8:41  Gateway  
  128  8:45  Gateway  
  128  8:51  Immortal  
  128  8:55  Pylon  
  128  8:59  Probe  
  133  9:07  Pylon  
  133  9:08  Pylon  
  133  9:09  Pylon  
  133  9:10  Photon Cannon, Pylon  
  133  9:12  Blink  
  133  9:16  Protoss Ground Weapons Level 2  
  132  9:18  Zealot x2  
  136  9:26  Protoss Ground Armor Level 2  
  136  9:31  Immortal x2  
  140  9:45  Probe  
  140  9:47  Shield Battery  
  140  9:50  Probe  
  142  9:57  Probe  
  143  10:06  Stargate  
  143  10:08  Probe  
  144  10:16  Observer  
  144  10:17  Probe  
  144  10:18  Observer  
  144  10:19  Stargate  
  146  10:24  Stargate  
  146  10:27  Probe  
  148  10:29  Nexus  
  148  10:30  Assimilator  
  148  10:32  Assimilator  
  148  10:33  Shield Battery  
  148  10:34  Protoss Air Weapons Level 1, Probe  
  148  10:35  Photon Cannon  
  149  10:37  Shield Battery  
  149  10:39  Shield Battery  
  145  10:50  Fleet Beacon  
  145  10:54  Probe x4  
  141  11:06  Probe  
  141  11:09  Stalker x5  
  141  11:10  Stalker  
  152  11:14  Zealot x3  
  152  11:15  Zealot  
  153  11:37  Zealot x2  
  153  11:38  Zealot x5  
  145  11:43  Probe  
  145  11:44  Probe, Carrier  
  145  11:47  Zealot x3  
  147  11:52  Colossus  
  151  12:09  Zealot x6  
  151  12:10  Zealot  
  151  12:14  Zealot x2  
  167  12:18  Carrier  
  167  12:19  Zealot  
  169  12:26  Probe  
  169  12:29  Carrier  
  142  12:37  Carrier  
  142  12:42  Probe  
  149  12:57  Probe  
  156  13:04  High Templar x2  
  156  13:05  High Templar x2  
  164  13:06  High Templar  
  164  13:07  High Templar  
  164  13:08  Archon x2  
  164  13:11  Archon  
  168  13:17  Protoss Ground Armor Level 3  
  168  13:25  Carrier  
  160  13:36  Pylon  
  160  13:38  Pylon  
  160  13:39  Pylon  
  160  13:40  Mothership, Probe  
  161  13:51  Disruptor  
  161  13:52  Disruptor  
  169  14:00  Observer  
  177  14:21  Disruptor  
  177  14:23  Pylon  
  177  14:24  Probe x3  
  179  14:26  Disruptor  
  180  14:36  Probe  
  180  14:37  Nexus  
  180  14:38  Probe  
  190  14:42  Pylon  
  190  14:43  Shield Battery  
  186  14:57  Disruptor  
  190  15:02  Disruptor  
  190  15:16  Zealot x5  
  184  15:31  Disruptor  
  184  15:34  Disruptor  
  186  15:49  Zealot x7  
  194  15:58  Disruptor  
  146  16:45  Nexus  
  146  17:08  Nexus  
  138  17:28  Pylon  
  138  17:29  Pylon  
  136  18:54  Observer  
  136  19:03  Assimilator  
  136  19:57  Observer  
  136  20:09  Observer  
  136  20:15  Observer  
  136  20:53  Observer  
  136  21:23  Observer  
Show
View Real Time Build Order
Export as new Build Order

Barlog Terran - Winner!

Build Orders: Command Center First, Mech 

Get SALT Encoding   

  12  0:00  SCV  
  13  0:12  SCV  
  14  0:18  Supply Depot  
  14  0:24  SCV  
  15  0:39  SCV  
  16  0:51  SCV  
  17  1:03  Command Center  
  17  1:04  SCV  
  18  1:16  Barracks  
  18  1:19  SCV  
  19  1:26  Refinery  
  19  1:31  SCV  
  20  1:35  Refinery  
  20  1:43  SCV  
  21  1:55  SCV  
  22  2:04  Marine  
  23  2:09  Orbital Command  
  23  2:15  Factory  
  23  2:21  SCV  
  23  2:22  Marine  
  25  2:33  Orbital Command  
  25  2:35  SCV  
  26  2:39  Marine  
  27  2:47  SCV  
  28  2:59  SCV  
  28  3:00  Hellion  
  28  3:02  Barracks Reactor  
  28  3:05  Supply Depot  
  31  3:07  SCV  
  31  3:11  SCV  
  33  3:19  SCV  
  34  3:23  SCV  
  34  3:27  Hellion  
  37  3:31  SCV  
  38  3:35  SCV  
  38  3:38  Command Center  
  39  3:46  Barracks Tech Lab, Factory, SCV  
  40  3:49  SCV  
  41  4:02  SCV x2  
  43  4:03  Hellion  
  45  4:14  SCV  
  46  4:18  Refinery  
  46  4:19  Refinery  
  46  4:22  Hellion, SCV  
  46  4:23  Supply Depot  
  49  4:26  SCV  
  49  4:30  Barracks Tech Lab  
  50  4:32  Factory  
  50  4:34  SCV  
  50  4:38  SCV  
  52  4:44  Siege Tank  
  55  4:46  SCV  
  55  4:48  Supply Depot  
  55  4:50  SCV  
  55  4:51  Supply Depot  
  57  4:56  Orbital Command  
  57  4:58  SCV  
  58  5:02  SCV  
  58  5:04  Siege Tank  
  62  5:11  SCV  
  63  5:14  SCV  
  63  5:16  Siege Tank  
  63  5:17  Factory Tech Lab  
  63  5:20  Factory  
  67  5:23  SCV  
  59  5:46  Siege Tank, Hellion  
  59  5:48  Siege Tank  
  57  6:01  SCV  
  57  6:02  SCV x2  
  58  6:05  Hellion x2  
  61  6:13  SCV  
  61  6:14  SCV x2  
  58  6:26  Hellion, SCV  
  58  6:27  Siege Tank  
  58  6:30  Cyclone x2  
  58  6:32  SCV x2  
  72  6:38  SCV  
  73  6:44  SCV x2  
  75  6:47  Factory  
  75  6:48  Factory  
  75  6:50  SCV  
  75  6:51  Engineering Bay  
  76  6:54  Armory  
  76  6:56  SCV  
  76  6:57  Armory  
  77  7:07  SCV x2  
  79  7:11  SCV  
  80  7:17  Siege Tank x3  
  80  7:18  Hellion, Orbital Command  
  80  7:19  SCV  
  80  7:21  Refinery  
  92  7:30  Infernal Pre-Igniter  
  92  7:34  Factory Tech Lab x2  
  92  7:36  SCV  
  93  7:41  Missile Turret  
  93  7:42  Refinery  
  93  7:48  Missile Turret  
  93  8:01  Missile Turret  
  93  8:02  SCV x2  
  93  8:16  Supply Depot  
  93  8:17  Siege Tank x3, Terran Vehicle And Ship Armor Level 1, Terran Vehicle Weapons Level 1, SCV x3, Supply Depot, Hellion x2  
  109  8:21  Missile Turret  
  109  8:31  Command Center  
  109  8:32  Refinery  
  109  8:38  Siege Tank x2, SCV x2  
  109  8:39  Hellion x2, SCV  
  122  8:49  Siege Tank  
  122  8:54  Factory  
  125  8:56  Factory  
  125  8:57  Supply Depot  
  125  9:04  Supply Depot, Hellion, SCV x3  
  125  9:09  Supply Depot  
  130  9:10  Supply Depot  
  130  9:16  SCV  
  131  9:17  Siege Tank x3  
  131  9:19  Hellion  
  142  9:31  SCV x3  
  144  9:34  Supply Depot  
  144  9:36  Supply Depot  
  144  9:38  Siege Tank x2  
  151  9:42  Supply Depot  
  151  9:43  SCV x2, Factory Tech Lab x2  
  151  9:45  SCV  
  154  9:55  SCV  
  154  9:59  Refinery  
  155  10:00  Refinery  
  155  10:04  Siege Tank x3  
  155  10:06  Hellion x2  
  168  10:16  Planetary Fortress  
  168  10:18  SCV x3  
  171  10:30  SCV x2  
  171  10:34  Missile Turret  
  173  10:37  Siege Tank x3  
  173  10:39  Hellion x3  
  188  11:02  Siege Tank x2  
  188  11:03  Hellion x2  
  197  11:06  Siege Tank  
  199  11:38  Siege Tank  
  199  11:39  Siege Tank x2, Hellion  
  185  11:44  Siege Tank x2  
  185  11:46  Siege Tank x2  
  176  11:47  Hellion  
  176  12:05  Hellion  
  177  12:08  Hellion  
  177  12:10  Siege Tank, Bunker  
  177  12:11  Siege Tank, Hellion  
  177  12:13  SCV  
  184  12:16  Thor x2  
  196  12:23  Command Center x2  
  196  12:28  Thor  
  160  12:35  Thor  
  154  12:46  Thor  
  154  12:48  Hellion  
  162  12:54  Thor  
  168  13:01  Missile Turret  
  168  13:02  Missile Turret x2  
  168  13:08  Missile Turret  
  168  13:09  Missile Turret, Thor x2  
  180  13:12  Missile Turret  
  179  13:23  Command Center  
  179  13:26  Command Center  
  176  13:30  Missile Turret  
  176  13:31  Command Center  
  176  13:32  Missile Turret  
  176  13:33  Thor x2  
  188  13:34  Missile Turret  
  188  13:35  Missile Turret  
  188  13:42  Orbital Command  
  188  13:48  Missile Turret  
  188  13:54  Missile Turret  
  188  13:55  Thor x2  
  200  14:07  Command Center  
  200  14:38  Orbital Command x2  
  199  14:55  Orbital Command  
  150  16:22  Supply Depot  
  150  16:24  Supply Depot x3  
  150  16:25  Supply Depot  
  150  16:26  Supply Depot, Barracks  
  150  16:27  Supply Depot  
  142  17:01  Command Center  
  140  17:04  Command Center  
  140  17:09  Supply Depot  
  140  17:10  Supply Depot  
  140  17:11  Supply Depot x3  
  140  17:12  Supply Depot  
  140  17:22  Factory  
  140  17:24  Factory  
  129  18:15  Orbital Command  
  122  19:04  Factory Tech Lab  
  122  19:14  Command Center  
  122  19:24  Factory Tech Lab  
  122  19:27  Factory Tech Lab  
  122  19:40  Factory Tech Lab  
  122  19:42  Refinery  
  122  19:43  Refinery  
  122  19:54  Armory  
  122  20:03  Supply Depot x2  
  122  20:04  Supply Depot  
  122  20:09  Supply Depot  
  122  20:31  Barracks  
  122  20:33  Supply Depot  
  122  20:49  Supply Depot  
  122  20:51  Supply Depot  
  119  21:07  Supply Depot  
  119  21:23  Orbital Command  
  119  21:26  Supply Depot  
  119  21:29  Supply Depot  
  119  21:33  Supply Depot  
  116  21:59  Supply Depot  
  116  22:05  Supply Depot  
  116  22:21  Supply Depot  
  116  22:22  Supply Depot  
  116  22:27  Siege Tank  
  119  22:39  Supply Depot  
  119  22:42  Thor  
  119  22:44  Siege Tank  
  125  22:51  Supply Depot x2  
  125  23:04  Siege Tank  
  125  23:16  Siege Tank  
  117  23:40  Siege Tank x2  
  123  24:06  Siege Tank  
  123  24:32  Siege Tank  
  123  24:35  Siege Tank, SCV  
  116  25:04  Thor  
Tags
 
Add a new tag
Caveats
  • Supply blocks, unpowered buildings, or Contaminate may cause inaccurate times.
  • Supply counts are checked every 10 seconds.